 Dungeon Crawl Stone Soup version 0.25-a0-424-g80bd347ae0 (webtiles) character file.

Game seed: 15568106060874531435, levelgen mode: deterministic

115 Nattfarinn the Insei (level 5, 0/38 HPs)
             Began as a Merfolk Transmuter on Jan 23, 2020.
             Slain by a worm (7 damage)
             ... on level 3 of the Dungeon.
             The game lasted 00:05:52 (2697 turns).

Nattfarinn the Insei (Merfolk Transmuter)           Turns: 2697, Time: 00:05:53

Health: 0/38       AC:  2    Str: 11    XL:     5   Next: 0%
Magic:  0/8        EV: 22    Int: 12    God:
Gold:   80         SH:  0    Dex: 20    Spells: 5/9 levels left

rFire    . . .     SeeInvis .     - Unarmed
rCold    . . .     Gourm    .   (shield currently unavailable)
rNeg     . . .     Faith    .   (armour currently unavailable)
rPois    x         Spirit   .   (helmet currently unavailable)
rElec    .         Reflect  .   (cloak currently unavailable)
rCorr    .         Harm     .   (gloves currently unavailable)
MR       .....                  (boots currently unavailable)
Stlth    ++........             (no amulet)
HPRegen  0.12/turn              (no ring)
MPRegen  0.11/turn              (no ring)

@: spider-form, very slightly contaminated
A: tiny, (change form in water), (swift swim), (stealthy swim)
a: End Transformation


You were on level 3 of the Dungeon.
You were hungry.
You were a venomous arachnid creature.
You visited 1 branch of the dungeon, and saw 3 of its levels.

You collected 80 gold pieces.

Inventory:

Missiles
 a - 24 arrows
Armour
 b - a +0 robe (melded)
Scrolls
 c - a scroll of amnesia {unknown}
 e - a scroll of identify {unknown}
 f - a scroll of enchant armour {unknown}
 g - a scroll of random uselessness {unknown}
 h - a scroll of enchant weapon {unknown}
 j - 3 scrolls of remove curse {unknown}
 k - a scroll of magic mapping {unknown}
 l - a scroll of fog {unknown}
Comestibles
 d - 3 rations
 i - 2 chunks of flesh


   Skills:
 + Level 2.0 Fighting
 + Level 3.6 Dodging
 * Level 4.2 Unarmed Combat
 + Level 2.5 Spellcasting
 * Level 4.0 Transmutations


You had 5 spell levels left.
You knew the following spells:

 Your Spells              Type           Power        Failure   Level  Hunger
a - Beastly Appendage     Tmut           ##....       14%         1    #......
b - Spider Form           Tmut/Pois      #.........   54%         3    ###....

Your spell library contained the following spells:

 Spells                   Type           Power        Failure   Level  Hunger
 Sticks to Snakes         Tmut           ##......     21%         2    ###....
 Ice Form                 Ice/Tmut       #.......     88%         4    #####..
 Blade Hands              Tmut           ##........   92%         5    ######.


Dungeon Overview and Level Annotations

Branches:
Dungeon (3/15)

Altars:
Wu Jian
Xom


Message History

You miscast Spider Form.
You are very lightly contaminated with residual magic.
You feel odd.
Unknown command.
You see here a scimitar.
You see here a rat corpse.
You are feeling hungry.
There is a stone staircase leading up here.
Casting: Spider Form (safe; 32% risk of failure)
Confirm with . or Enter, or press ? or * to list all spells.
You turn into a venomous arachnid creature.
Your +0 robe melds into your body.
You hear the rusting of a distant drain.
The worm bites you!
* * * LOW HITPOINT WARNING * * *
You see here a rat corpse.
You hit the worm.
The worm is poisoned.
The worm is lightly wounded.
The worm bites you!
You die...

##..###
#.....#
#.#...#
#.#...#
#.#†..#
#.)<.>#
#.....####
#..........
#s#########
#w..$.....
#)########
#...# #†..#
#.†.# #...#
#......w...
#......≈...


You could see a worm.

Vanquished Creatures
  5 adders (D:2)
  A river rat (D:3)
  An ooze (D:3)
  3 worms
  A dart slug (D:2)
  A leopard gecko (D:2)
  A giant cockroach (D:1)
  7 goblins
  5 hobgoblins
  4 kobolds
  A quokka (D:2)
  A bat (D:1)
  5 frilled lizards
  15 rats
51 creatures vanquished.

Notes
Turn   | Place    | Note
-------+----------+-------------------------------------------
     0 | D:1      | Nattfarinn the Merfolk Transmuter began the quest for the
                  | Orb.
     0 | D:1      | Reached XP level 1. HP: 15/15 MP: 3/3
   176 | D:1      | Reached XP level 2. HP: 16/21 MP: 5/5
   633 | D:2      | Found an ornate altar of the Wu Jian Council.
   723 | D:2      | Reached XP level 3. HP: 15/26 MP: 4/6
  1857 | D:2      | Learned a level 3 spell: Spider Form
  1865 | D:2      | Reached XP level 4. HP: 19/33 MP: 3/7
  2327 | D:2      | Found a shimmering altar of Xom.
  2683 | D:3      | Reached XP level 5. HP: 17/38 MP: 5/8
  2697 | D:3      | Slain by a worm

Levels and vault maps discovered:
D:1:      scummos_arrival_hexagon, layout_basic
D:2:      cheibrodos_old_hovel, layout_basic, overflow_temple_1_default,
          xom_teletrap_fun
D:3:      layout_basic, lightli_sewer_entry_pipes

Skill      XL: |  1  2  3  4 |
---------------+-------------+-----
Transmutations | 3 4 |  4.0
Dodging        | 3 |  3.6
Unarmed Combat | 4 |  4.2
Fighting       | 2 |  2.0
Spellcasting   | |  2.5

Action                   |  1- 3 |  4- 6 || total
-------------------------+-------+-------++-------
Melee: Unarmed           |   122 |    52 ||   174
       Punch             |     1 |       ||     1
       Headbutt          |     6 |       ||     6
 Cast: Beastly Appendage |     6 |       ||     6
       Spider Form       |     1 |     9 ||    10
  Use: Potion            |     1 |     1 ||     2
 Stab: Sleeping          |     3 |     1 ||     4
  Eat: Chunk             |     3 |     4 ||     7
Armor: Robe              |    15 |     3 ||    18
       Skin              |     4 |     5 ||     9
Dodge: Dodged            |    73 |    43 ||   116

Table legend:
 A = Non-vault XP
 B = Vault XP
 C = Vault XP percentage of total XP
 D = Non-vault monster count
 E = Vault monster count
 F = Vault count percentage of total count
                 A         B        C        D         E       F
            +---------+---------+-------+---------+---------+-------
      Total |     135 |      30 |  18.2 |      46 |       5 |   9.8
            +---------+---------+-------+---------+---------+-------
        D:1 |      19 |       0 |   0.0 |      13 |       0 |   0.0
        D:2 |      99 |      14 |  12.4 |      27 |       1 |   3.6
        D:3 |      17 |      16 |  48.5 |       6 |       4 |  40.0
            +---------+---------+-------+---------+---------+-------
